 Dungeon Crawl Stone Soup version 0.21.1-1-g345015f (webtiles) character file.

1572 Supreme the Geomancer (level 8, 0/43 HPs)
             Began as a Gargoyle Earth Elementalist on Apr 16, 2018.
             Slain by an orc warrior
             ... wielding a +0 long sword
              (18 damage)
             ... on level 7 of the Dungeon.
             The game lasted 00:51:57 (3803 turns).

Supreme the Geomancer (Gargoyle Earth Elementalist) Turns: 3803, Time: 00:51:57

Health: 0/43       AC: 11    Str: 13    XL:     8   Next: 90%
Magic:  10/15      EV: 10    Int: 22    God:
Gold:   436        SH:  7    Dex: 10    Spells: 6/17 levels left

rFire    + . .     SeeInvis .   F - -1 flail (curse)
rCold    + . .     Gourm    .   z - +0 shield
rNeg     + . .     Faith    .   X - +1 robe {rC+ rF+}
rPois    ∞         Spirit   .   x - +2 hat
rElec    +         Reflect  .   h - +0 cloak
rCorr    .         Harm     .   (no gloves)
MR       .....                  (no boots)
Stlth    ++........             f - amulet of magic regeneration
HPRegen  0.14/turn              R - +5 ring of slaying
MPRegen  0.39/turn              v - +5 ring of intelligence

@: no status effects
A: negative energy resistance 1, electricity resistance, unbreathing,
petrification resistance, rot immunity, AC +5
a: no special abilities


You were on level 7 of the Dungeon.
You were not hungry.

You visited 1 branch of the dungeon, and saw 7 of its levels.

You collected 436 gold pieces.

Inventory:

Hand Weapons
 w - a +0 dagger of speed
 B - a +0 mace of protection
 F - a cursed -1 flail (weapon)
 H - a +0 blowgun
 J - a +4 club
 K - a +0 mace
 V - a +0 dire flail
Missiles
 a - 41 arrows
 b - 73 stones (quivered)
 k - 35 poisoned needles
 r - 11 needles of sleeping
Armour
 h - a +0 cloak (worn)
 x - a +2 hat (worn)
 z - a +0 shield (worn)
 X - a +1 robe of resistance (worn)
Jewellery
 f - an amulet of magic regeneration (around neck)
 v - a +5 ring of intelligence (right hand)
 A - a +1 ring of evasion
 G - an uncursed ring of resist corrosion
 L - an uncursed ring of see invisible
 R - a +5 ring of slaying (left hand)
Wands
 c - a wand of digging (16)
 y - a wand of scattershot (5)
 Q - a wand of paralysis (13)
 S - a wand of acid (5)
Scrolls
 g - 6 scrolls of identify {unknown}
 i - a scroll of vulnerability {unknown}
 l - 3 scrolls of amnesia {unknown}
 m - a scroll of enchant armour {unknown}
 n - 3 scrolls of enchant weapon {unknown}
 o - 4 scrolls of teleportation {unknown}
 q - 2 scrolls of noise {unknown}
 s - a scroll of fear {unknown}
 E - 4 scrolls of remove curse {unknown}
 I - a scroll of blinking {unknown}
 Y - 2 scrolls of immolation {unknown}
 Z - a scroll of silence {unknown}
Potions
 p - a potion of might {unknown}
 t - a potion of invisibility {unknown}
 u - 2 potions of curing {unknown}
 M - 2 potions of magic {unknown}
 N - a potion of lignification {unknown}
 O - 2 potions of degeneration {unknown}
 P - a potion of heal wounds {unknown}
 T - a potion of resistance {unknown}
Books
 e - a book of Geomancy

   Spells                             Type                      Level
   a - Sandblast                      Earth                        1
   b - Passwall                       Transmutation/Earth          2
   c - Stone Arrow                    Conjuration/Earth            3
   d - Petrify                        Transmutation/Earth          4
   e - Lee's Rapid Deconstruction     Earth                        5
Comestibles
 d - 12 rations
 j - 3 chunks of flesh


   Skills:
 + Level 1.5 Fighting
 + Level 4.3 Maces & Flails
 - Level 3.0 Dodging
 + Level 4.1 Stealth
 + Level 0.9 Shields
 + Level 5.1 Spellcasting
 - Level 1.0 Transmutations
 * Level 8.8 Earth Magic


You had 6 spell levels left.
You knew the following spells:

 Your Spells              Type           Power        Failure   Level  Hunger
a - Sandblast             Erth           #####.       1%          1    None
b - Passwall              Tmut/Erth      ####......   12%         2    None
c - Stone Arrow           Conj/Erth      ####..       30%         3    ##.....
d - Lee's Rapid Deconstr  Erth           #####.....   41%         5    #####..


Dungeon Overview and Level Annotations

Branches:
Dungeon (7/15)
 Temple: D:4-7

Altars:
Gozag
Kikubaaqudgha
Okawaru
Uskayaw
Vehumet
Wu Jian
Yredelemnul

Annotations:
D:6 Eustachio
D:7 exclusion: statue


Innate Abilities, Weirdness & Mutations

You are resistant to torment.
Your stone body is resilient. (AC +5)
You are immune to poison.
You resist negative energy. (rN+)
You are resistant to electric shocks. (rElec)
You can survive without breathing.
You are immune to petrification.
You are immune to rotting.


Message History

The burst of metal fragments hits the orc warrior. x4
The orc warrior is moderately wounded.
Unknown command.
You block the orc warrior's attack.
Casting: Sandblast
Confirm with . or Enter, or press ? or * to list all spells.
Aiming: Stone Arrow
Press: ? - help, Shift-Dir - straight line, f/p - orc warrior
Aim: an orc warrior, wielding a long sword and wearing a chain mail (moderately wounded)
The stone arrow hits the orc warrior.
The orc warrior is heavily wounded.
Casting: Stone Arrow
Confirm with . or Enter, or press ? or * to list all spells.
Aiming: Stone Arrow
Press: ? - help, Shift-Dir - straight line, f/p - orc warrior
Aim: an orc warrior, wielding a long sword and wearing a chain mail (heavily wounded)
The stone arrow hits the orc warrior.
The orc warrior is severely wounded.
The orc warrior hits you with a long sword!!
You die...

..######...# ####.####
#. .. #.......#
##.###.####.......###
.........?#.#.......#
#.........#.#.....#.#
#.#.......#.#.....#.#
#.........#.#.o##.#.#
. #.......#....@..#.#
..##.......###.......#
.....(.....o.##.######
...#..#.####)##.#
.?......####.##.#
.#####..#.......#
#..#.##.#### #.8
#..#.##.# #..
#.......#


You could see an orc warrior.

Vanquished Creatures
  Prince Ribbit (D:6)
  An ice beast (D:5)
  A phantom (D:5)
  2 ogres
  A howler monkey (D:6)
  2 crimson imps (D:6)
  A centaur zombie (D:2)
  A jelly (D:5)
  4 orc wizards
  3 orc priests (D:5)
  A hound (D:6)
  Jessica (D:3)
  4 bullfrog skeletons
  A gnoll shaman (D:5)
  Terence (D:3)
  6 worker ants
  A hound skeleton (D:4)
  A howler monkey zombie (D:6)
  Robin (D:2)
  A worker ant zombie (D:6)
  4 gnolls (D:5)
  11 adders
  4 worms
  A dart slug (D:1)
  9 leopard geckos
  19 orcs
  2 ball pythons
  3 bats
  A giant cockroach (D:2)
  15 goblins
  7 hobgoblins
  4 jackals (D:5)
  A ball python skeleton (D:4)
  6 frilled lizards
  9 kobolds
  A leopard gecko skeleton (D:4)
  A rat (D:1)
133 creatures vanquished.

Notes
Turn   | Place    | Note
-------+----------+-------------------------------------------
     0 | D:1      | Supreme the Gargoyle Earth Elementalist began the quest for the Orb.
     0 | D:1      | Reached XP level 1. HP: 10/10 MP: 3/3
   108 | D:1      | Reached skill level 4 in Earth Magic
   108 | D:1      | Reached XP level 2. HP: 13/15 MP: 3/5
   112 | D:1      | Learned a level 2 spell: Passwall
   545 | D:2      | Reached XP level 3. HP: 19/19 MP: 4/6
   757 | D:2      | Reached skill level 5 in Earth Magic
   757 | D:2      | Reached XP level 4. HP: 20/24 MP: 3/7
   762 | D:2      | Learned a level 3 spell: Stone Arrow
   876 | D:2      | Noticed Robin
  1049 | D:2      | Killed Robin
  1049 | D:2      | Reached XP level 5. HP: 26/28 MP: 4/8
  1278 | D:3      | Noticed Terence
  1312 | D:3      | Killed Terence
  1312 | D:3      | Reached skill level 6 in Earth Magic
  1387 | D:3      | Found an ornate altar of the Wu Jian Council.
  1482 | D:3      | Noticed Jessica
  1489 | D:3      | Killed Jessica
  1771 | D:4      | Reached XP level 6. HP: 30/33 MP: 10/10
  2086 | D:4      | Reached skill level 1 in Maces & Flails
  2091 | D:4      | Found a hide-covered altar of Uskayaw.
  2126 | D:4      | Reached skill level 7 in Earth Magic
  2126 | D:4      | Reached XP level 7. HP: 35/37 MP: 9/12
  2342 | D:4      | Found an ancient bone altar of Kikubaaqudgha.
  2459 | D:5      | Entered Level 5 of the Dungeon
  2630 | D:5      | Reached skill level 1 in Transmutations
  2634 | D:5      | Found a basalt altar of Yredelemnul.
  2716 | D:5      | Reached XP level 8. HP: 23/42 MP: 14/14
  2723 | D:5      | Learned a level 5 spell: Lee's Rapid Deconstruction
  2757 | D:5      | Reached skill level 8 in Earth Magic
  2887 | D:5      | Found a basalt altar of Yredelemnul.
  2966 | D:5      | Reached skill level 1 in Fighting
  2966 | D:5      | Reached skill level 5 in Spellcasting
  3174 | D:6      | Noticed Eustachio
  3301 | D:6      | Noticed Prince Ribbit
  3342 | D:6      | Found an iron altar of Okawaru.
  3532 | D:6      | Found an opulent altar of Gozag.
  3646 | D:6      | Killed Prince Ribbit
  3761 | D:7      | Found a radiant altar of Vehumet.
  3803 | D:7      | Slain by an orc warrior

Skill      XL: |  1  2  3  4  5  6  7  8 |
---------------+-------------------------+-----
Earth Magic    | 4 5 6 7 8 |  8.8
Dodging        | 2 3 |  3.0
Spellcasting   | 3 4 5 |  5.1
Stealth        | 3 4 |  4.1
Maces & Flails | 1 2 4 |  4.3
Transmutations | 1 |  1.0
Fighting       | 1 |  1.5
Shields        | |  0.9

Action                   |  1- 3 |  4- 6 |  7- 9 || total
-------------------------+-------+-------+-------++-------
Melee: Short sword       |    40 |       |       ||    40
       Dagger            |     6 |    82 |       ||    88
       Club              |       |    64 |    55 ||   119
       Flail             |       |       |    96 ||    96
 Cast: Sandblast         |    20 |    40 |    41 ||   101
       Passwall          |       |     3 |     8 ||    11
       Stone Arrow       |       |       |     4 ||     4
Evoke: Wand              |       |    17 |    20 ||    37
 Stab: Sleeping          |     2 |     3 |     5 ||    10
       Distracted        |       |     1 |       ||     1
  Eat: Chunk             |       |     5 |     6 ||    11
Armor: Robe              |    18 |    56 |    62 ||   136
Dodge: Dodged            |    27 |   102 |    77 ||   206
Block: Shield            |       |       |    36 ||    36
